 Dungeon Crawl Stone Soup version 0.29-a0-520-gc852659d43 (webtiles) character file.

Game seed: 16623739422703350913

3856 KateP the Cleaver (level 9, -8/84 HPs)
             Began as a Minotaur Fighter on May 31, 2022.
             Was an Elder of Okawaru.
             Mangled by an orc warrior
             ... wielding a +0 war axe
              (15 damage)
             ... on level 9 of the Dungeon.
             The game lasted 00:08:44 (8897 turns).

KateP the Cleaver (Minotaur Fighter)                Turns: 8897, Time: 00:08:44

Health: -8/84      AC: 12    Str: 26    XL:     9   Next: 99%
Magic:  8/8        EV:  9    Int: 11    God:    Okawaru [****..]
Gold:   399        SH:  4    Dex:  9    Spells: 8/8 levels left

rFire   . . .      SeeInvis .   a - +0 war axe
rCold   . . .      Faith    .   c - +0 buckler
rNeg    . . .      Spirit   .   b - +0 scale mail
rPois   .          Reflect  .   (helmet restricted)
rElec   .          Harm     .   (no cloak)
rCorr   .          Rampage  .   (no gloves)
Will    .....                   (no boots)
Stlth   ..........              (no amulet)
HPRegen 0.24/turn               o - +6 ring of intelligence
MPRegen 0.11/turn               p - +4 ring of protection

@: mighty, on berserk cooldown, slowed, very slow
A: horns 2, retaliatory headbutt
a: Renounce Religion, Heroism, Finesse


You were on level 9 of the Dungeon.
You worshipped Okawaru.
Okawaru was greatly pleased with you.
You visited 2 branches of the dungeon, and saw 10 of its levels.

You collected 399 gold pieces.

Inventory:

Hand Weapons
 a - a +0 war axe (weapon)
Armour
 b - a +0 scale mail (worn)
 c - a +0 buckler (worn)
Jewellery
 f - a ring of fire
 o - a +6 ring of intelligence (left hand)
 p - a +4 ring of protection (right hand)
 r - an amulet of the acrobat
Scrolls
 e - 6 scrolls of identify
 h - a scroll of fear {unknown}
 j - 3 scrolls of enchant armour
 k - 2 scrolls of fog {unknown}
 l - 5 scrolls of teleportation
 n - 2 scrolls of amnesia
Potions
 g - 3 potions of curing
 i - 2 potions of brilliance
 m - 2 potions of resistance
 q - 3 potions of magic
 s - a potion of berserk rage


   Skills:
 + Level 9.4 Fighting
 * Level 12.3 Axes
 + Level 9.3 Armour
 - Level 3.6 Shields


You had 8 spell levels left.
You didn't know any spells.
Your spell library contained the following spells:

 Spells                   Type           Power      Damage    Failure   Level
 Magic Dart               Conj           0%         1d3       67%         1
 Gell's Gravitas          Tloc           0%         N/A       95%         3
 Lesser Beckoning         Tloc           0%         N/A       95%         3
 Mephitic Cloud           Conj/Pois/Air  0%         N/A       95%         3
 Teleport Other           Tloc           0%         N/A       95%         3
 Corpse Rot               Necr/Pois/Air  0%         N/A       100%        4
 Dispel Undead            Necr           0%         3d6       100%        4
 Call Imp                 Summ           Unusable   N/A       N/A         2
 Death Channel            Necr           Unusable   N/A       N/A         6

Dungeon Overview and Level Annotations

Branches:
Dungeon (9/15)             Temple (1/1) D:5
   Lair: D:8-11         Orc: D:9-12

Altars:
Ashenzari
Cheibriados
Dithmenos
Elyvilon
Fedhas
Gozag
Hepliaklqana
Kikubaaqudgha
Makhleb
Nemelex Xobeh
Okawaru
Qazlal
Ru
Sif Muna
Trog
Uskayaw
Vehumet
Wu Jian
Xom
Yredelemnul
Zin
The Shining One


Innate Abilities, Weirdness & Mutations

You have a pair of horns on your head.
You reflexively headbutt those who attack you in melee.


Message History

The yak is lightly wounded.
The yak gores you.
* * * LOW HITPOINT WARNING * * *
An orc warrior opens the door.
The orc warrior shouts!
You hit the yak. You headbutt the yak!
The yak is heavily wounded.
Unknown command.
You barely miss the yak.
The yak is heavily wounded.
The yak gores you.
* * * LOW HITPOINT WARNING * * *
You slash the yak!
The yak is severely wounded.
You slash the yak! Your headbutt misses the yak.
The yak is almost dead.
You block the yak's attack.
You slice the yak!!
You kill the yak!
Okawaru accepts your kill.
An orc comes into view. It is wielding a +0 flail.
An orc wizard comes into view. It is wielding a +0 dagger.
The orc shouts!
The orc wizard shouts!
A black bear comes into view.
You feel a strong urge to attack something.
You are no longer berserk.
You are exhausted.
You feel yourself slow down.
The black bear growls angrily.
You hear a bellow!
An orc priest comes into view. It is wielding a +3 short sword.
The orc warrior hits you with a +0 war axe.
* * * LOW HITPOINT WARNING * * *
A bullfrog comes into view.
The orc warrior attacks as you move away!
The orc warrior barely misses you.
The orc warrior attacks as you move away!
The orc warrior hits you with a +0 war axe.
* * * LOW HITPOINT WARNING * * *
The orc warrior hits you with a +0 war axe!
You die...

#......>....##...........
#...........##...........
#...........####+######
###'######### #.....##
#####..# ##.#
########'###
#....)..@.h###..
#.......o..'Fo..
#........Y.##..P
#.......Y..oo...
########Y###...P ##.#
.... #..# P.. #####'###
.. #.......#


You could see 3 yaks, an orc warrior, a black bear, a bullfrog, an orc priest,
an orc wizard and an orc.

Vanquished Creatures
  A two-headed ogre (D:8)
  Sigmund (D:3)
  A wyvern (D:8)
  3 yaks (D:9)
  2 water moccasins (D:7)
  2 ice beasts
  A black bear (D:6)
  2 ogres
  A centaur (D:7)
  2 phantoms
  A kobold brigand (D:7)
  3 bullfrogs
  4 scorpions
  7 wights
  10 killer bees
  An electric eel (D:6)
  A jelly (D:4)
  Crazy Yiuf (D:5)
  2 orc priests
  2 orc wizards
  3 gnolls (D:2)
  An adder (D:3)
  A shadow imp (D:7)
  2 white imps
  2 ufetubi
  A dart slug (D:1)
  16 orcs
  5 ball pythons
  4 endoplasms
  6 giant cockroaches
  3 goblins
  4 hobgoblins
  8 jackals (D:3)
  2 quokkas
  2 bats (D:1)
  2 frilled lizards (D:2)
  6 kobolds
  3 rats (D:2)
119 creatures vanquished.

Vanquished Creatures (others)
  4 fungi (D:9)
  3 plants (D:9)
7 creatures vanquished.

Grand Total: 126 creatures vanquished

Notes
Turn   | Place    | Note
-------+----------+-------------------------------------------
     0 | D:1      | KateP the Minotaur Fighter began the quest for the Orb.
     0 | D:1      | Reached XP level 1. HP: 19/19 MP: 0/0
   288 | D:1      | Reached skill level 3 in Axes
   288 | D:1      | Reached XP level 2. HP: 27/27 MP: 1/1
  1464 | D:2      | Reached XP level 3. HP: 33/33 MP: 2/2
  1493 | D:2      | Reached skill level 4 in Axes
  1704 | D:2      | Found a basalt altar of Yredelemnul.
  1881 | D:3      | Found a faded altar of an unknown god.
  1932 | D:3      | Reached XP level 4. HP: 33/41 MP: 3/3
  2107 | D:3      | Found a basalt altar of Yredelemnul.
  2129 | D:3      | Noticed Sigmund
  2133 | D:3      | Killed Sigmund
  2134 | D:3      | Reached skill level 5 in Fighting
  2134 | D:3      | Reached skill level 5 in Axes
  2134 | D:3      | Reached skill level 5 in Armour
  2134 | D:3      | Reached XP level 5. HP: 48/48 MP: 4/4
  2134 | D:3      | Reached XP level 6. HP: 56/56 MP: 5/5
  2221 | D:3      | Found a white marble altar of Elyvilon.
  2874 | D:4      | Reached skill level 6 in Axes
  3038 | D:4      | You fall into a shaft and drop 2 floors!
  3369 | D:5      | Entered Level 5 of the Dungeon
  3499 | D:5      | Found a transporter.
  3508 | D:5      | Noticed a fire bat
  3632 | D:5      | Found a staircase to the Ecumenical Temple.
  3687 | Temple   | Entered the Ecumenical Temple
  3847 | Temple   | Became a worshipper of Warmaster Okawaru
  3891 | D:5      | Found a sparkling altar of Nemelex Xobeh.
  3892 | D:5      | Noticed an ice beast
  3899 | D:5      | Killed an ice beast
  3900 | D:5      | Reached XP level 7. HP: 53/62 MP: 6/6
  4124 | D:5      | Reached skill level 7 in Axes
  4348 | D:5      | Found a runed translucent door.
  4349 | D:5      | Noticed Crazy Yiuf
  4417 | D:5      | Found a transporter.
  4485 | D:5      | Killed Crazy Yiuf
  5376 | D:6      | Found a glowing golden altar of the Shining One.
  5410 | D:6      | Reached * piety under Okawaru
  5411 | D:6      | Reached skill level 8 in Axes
  5454 | D:6      | Reached XP level 8. HP: 65/71 MP: 7/7
  5597 | D:6      | HP: 3/71 [ogre/+0 giant spiked club (11)]
  6091 | D:6      | Reached skill level 9 in Axes
  6469 | D:7      | Reached ** piety under Okawaru
  6739 | D:7      | Reached skill level 10 in Axes
  6922 | D:7      | Found a bloodstained altar of Trog.
  6926 | D:7      | Found a radiant altar of Vehumet.
  6939 | D:7      | Reached XP level 9. HP: 36/81 MP: 8/8
  7177 | D:7      | Found a blossoming altar of Fedhas.
  7179 | D:7      | Found a stormy altar of Qazlal.
  7179 | D:7      | Found a shimmering blue altar of Sif Muna.
  7179 | D:7      | Found a hide-covered altar of Uskayaw.
  7179 | D:7      | Found an ornate altar of the Wu Jian Council.
  7181 | D:7      | Found a glowing silver altar of Zin.
  7751 | D:8      | Noticed a two-headed ogre
  7754 | D:8      | Reached skill level 11 in Axes
  8063 | D:8      | Reached *** piety under Okawaru
  8065 | D:8      | Killed a two-headed ogre
  8066 | D:8      | HP: 4/83 [wight/+0 trident (8)]
  8460 | D:8      | Reached skill level 12 in Axes
  8881 | D:9      | Reached **** piety under Okawaru
  8897 | D:9      | Mangled by an orc warrior

Illustrated notes

Levels and vault maps discovered:
D:1:      dpeg_arrival_three_same_balls, layout_loops_corners
D:2:      layout_loops_corners, basic_altar
D:3:      layout_loops_corners, kennysheep_ying_yang,
          ebering_ecumenical_altar_ruins, corexii_corridor_pit,
          chequers_serial_rivers_micro_a, uniq_sigmund
D:4:      layout_basic
D:5:      gammafunk_cloud_chamber, layout_loops_corners,
          mainiacjoe_overflow_alcove_2, minmay_temple_entry_slanted,
          uniq_crazy_yiuf_cottage
D:6:      layout_rooms, tso_metal_star, hangedman_glass_teeth,
          minmay_crystal_water, hangedman_decor_points
D:7:      layout_basic, minitemple, chequers_serial_rivers_large_a
D:8:      layout_gridville
D:9:      layout_roguey, grunt_lair_entry_orc_guard_hut
Temple:   compressed_dpeg_circular_temple

Skill      XL: |  1  2  3  4  5  6  7  8  9 |
---------------+----------------------------+-----
Axes           | 3 4 5 6 8 10 12 | 12.3
Fighting       | 4 5 6 7 9 |  9.4
Armour         | 4 5 6 7 9 |  9.3
Shields        | |  3.6

Action                   |  1- 3 |  4- 6 |  7- 9 || total
-------------------------+-------+-------+-------++-------
Melee: War axe           |    66 |    77 |   175 ||   318
       Headbutt          |     5 |     8 |    29 ||    42
  Use: Potion            |       |     1 |    11 ||    12
       Scroll            |       |       |     7 ||     7
Armor: Scale mail        |    36 |    38 |   102 ||   176
Dodge: Dodged            |    34 |    31 |    92 ||   157
Block: Buckler           |    12 |     8 |    39 ||    59

Table legend: (Time is in decaauts)
 A = Elapsed time spent in this place.
 B = Non-inter-level travel time spent in this place.
 C = Inter-level travel time spent in this place.
 D = Time resting spent in this place.
 E = Time spent auto-exploring this place.
 F = Levels seen in this place.
 G = Mean time per level.
                   A        B        C        D        E       F      G
               +--------+--------+--------+--------+--------+-----+--------+
         Total |   8939 |   8939 |      0 |   1890 |   5862 |  10 |  893.9 |
       Dungeon |   8764 |   8764 |      0 |   1890 |   5744 |   9 |  973.8 |
        Temple |    175 |    175 |      0 |      0 |    118 |   1 |  175.0 |
               +--------+--------+--------+--------+--------+-----+--------+

Top non-repeatable levels by time:
     D:7: 2190 daAuts
     D:6: 1582 daAuts
     D:5: 1369 daAuts
     D:2: 1010 daAuts
     D:3: 1007 daAuts
     D:1: 858 daAuts
     D:8: 432 daAuts
     D:4: 197 daAuts
  Temple: 175 daAuts
     D:9: 115 daAuts
